 Dungeon Crawl Stone Soup version 0.28-a0-406-g4bac719ec2 (webtiles) character file.

Game seed: 11497752528248528459

34 Chromatus the Skirmisher (level 3, -1/30 HPs)
             Began as a Demonspawn Monk on Sept 5, 2021.
             Succumbed to an adder's poison
             ... on level 1 of the Dungeon.
             The game lasted 00:03:34 (2133 turns).

Chromatus the Skirmisher (Demonspawn Monk)          Turns: 2133, Time: 00:03:35

Health: -1/30      AC:  2    Str: 12    XL:     3   Next: 14%
Magic:  3/3        EV:  9    Int: 11    God:
Gold:   39         SH: 11    Dex: 15    Spells: 2/2 levels left

rFire   . . .      SeeInvis .   a - +0 hand axe
rCold   . . .      Faith    .   c - +0 kite shield
rNeg    . . .      Spirit   .   b - +0 robe
rPois   .          Reflect  .   (no helmet)
rElec   .          Harm     .   (no cloak)
rCorr   .          Rampage  .   (no gloves)
Will    .....                   (no boots)
Stlth   ++........              (no amulet)
HPRegen 0.10/turn               (no ring)
MPRegen 0.08/turn               (no ring)

@: lethally poisoned (-1 -> -8)
A: condensation shield
a: no special abilities


You were on level 1 of the Dungeon.
You visited 1 branch of the dungeon, and saw 3 of its levels.

You collected 39 gold pieces.

Inventory:

Hand Weapons
 a - a +0 hand axe (weapon)
Armour
 b - a +0 robe (worn)
 c - a +0 kite shield (worn)
   (You found it on level 1 of the Dungeon)
Scrolls
 d - a scroll of identify {unknown}
 i - a scroll of torment {unknown}
 j - a scroll of noise {unknown}
 k - a scroll of teleportation {unknown}
Potions
 e - 2 potions of berserk rage {unknown}
 f - a potion of curing {@q1}
 g - a potion of mutation {unknown}
 h - 2 potions of brilliance {unknown}


   Skills:
 + Level 3.7 Fighting
 + Level 3.3 Axes
 - Level 2.6 Dodging
 - Level 1.7 Stealth


You had 2 spell levels left.
You didn't know any spells.
Your spell library was empty.

Dungeon Overview and Level Annotations

Branches:
Dungeon (3/15)

Altars:


Innate Abilities, Weirdness & Mutations

A meltable shield of frost defends you. (SH +4)


Message History

The endoplasm freezes you.
You are frozen.
You hit the endoplasm but do no damage.
The endoplasm hits you but does no damage.
The endoplasm freezes you.
You are frozen.
You hit the endoplasm.
You kill the endoplasm!
No target in view!
You swing at nothing.
You start resting.
You climb downwards.
You block the adder's attack. The rat bites you but does no damage.
You block the adder's attack.
There is a stone staircase leading up, spattered with blood here.
You block the rat's attack. You block the adder's attack.
You climb upwards.
There is a stone staircase leading down here.
You hit the adder. You barely miss the rat. The adder closely misses you.
The rat barely misses you. The adder bites you.
You are poisoned.
The adder poisons you! You block the rat's attack.
You barely miss the adder. You hit the rat.
You kill the rat!
You feel sick. You block the adder's attack. The adder barely misses you.
You barely miss the adder.
You feel sick. The adder bites you. You block the adder's attack.
You hit the adder but do no damage.
You feel sick. The adder bites you. x2
* * * LOW HITPOINT WARNING * * *
You hit the adder.
You feel sick.
You are no longer poisoned.
The adder bites you.
* * * LOW HITPOINT WARNING * * *
The adder bites you.
* * * LOW HITPOINT WARNING * * *
You block the adder's attack.
It was a potion of curing.
You feel better. The adder bites you.
* * * LOW HITPOINT WARNING * * *
You miss the adder. You block the adder's attack. x2
You hit the adder. The adder bites you.
* * * LOW HITPOINT WARNING * * *
You are poisoned.
The adder poisons you! The adder bites you.
* * * LOW HITPOINT WARNING * * *
You are more poisoned.
The adder poisons you!
You barely miss the adder.
* * * LOW HITPOINT WARNING * * *
You feel very sick. The adder bites you but does no damage.
The adder closely misses you.
You die...

...######.######.....# #.####.#
...# #.# ##....# #.# #.# ...#
#.### #.##.# #.# #.#
##'######.#.## #..#.#####.# #.#
.............#####.#.......# #.#
........#.#.#..# #.######### #.#
...............# #..# #.#
........#.#.#..####.###########.#
##..........>.S.@.......(........
......###.#†#.........#########..
#####.#...............###########
#####.#÷#.#.#....................
.............##..................
.....÷..#.#.#....................
#####.##.....########...########'
#.###.#.## #...####.....
#.##.....# #...##.......


You could see an adder.

Vanquished Creatures
  2 dart slugs (D:1)
  2 ball pythons (D:1)
  4 bats
  5 endoplasms (D:1)
  2 goblins
  A hobgoblin (D:1)
  2 jackals (D:1)
  2 kobolds (D:1)
  A quokka (D:1)
  5 rats (D:1)
26 creatures vanquished.

Notes
Turn   | Place    | Note
-------+----------+-------------------------------------------
     0 | D:1      | Chromatus the Demonspawn Monk began the quest for the Orb.
     0 | D:1      | Reached XP level 1. HP: 18/18 MP: 1/1
   412 | D:1      | Gained mutation: A meltable shield of frost defends you.
                  | (SH +4) [demonic ancestry]
   412 | D:1      | Reached XP level 2. HP: 16/24 MP: 2/2
  1450 | D:1      | Reached XP level 3. HP: 29/29 MP: 3/3
  2132 | D:1      | HP: 1/30 [poisoned by an adder]
  2133 | D:1      | Succumbed to an adder's poison

Illustrated notes

Levels and vault maps discovered:
D:1:      dpeg_arrival_refuge, layout_basic, st_stairs_13
D:2:      layout_rooms, serial_shops, nicolae_shop_behind_doors
D:3:      layout_basic, chequers_serial_rivers_room_a

Skill      XL: |  1 |
---------------+----+-----
Axes           | 3 |  3.3
Fighting       | |  3.7
Dodging        | |  2.6
Stealth        | |  1.7

Action                   || total
-------------------------++-------
Melee: Hand axe          ||    99
  Use: Potion            ||     1
 Stab: Sleeping          ||     6
Armor: Robe              ||    28
Dodge: Dodged            ||    46
Block: Kite shield       ||    59

Table legend: (Time is in decaauts)
 A = Elapsed time spent in this place.
 B = Non-inter-level travel time spent in this place.
 C = Inter-level travel time spent in this place.
 D = Time resting spent in this place.
 E = Time spent auto-exploring this place.
 F = Levels seen in this place.
 G = Mean time per level.
                   A        B        C        D        E       F      G
               +--------+--------+--------+--------+--------+-----+--------+
         Total |   2181 |   1998 |    183 |    737 |    872 |   3 |  727.0 |
       Dungeon |   2181 |   1998 |    183 |    737 |    872 |   3 |  727.0 |
               +--------+--------+--------+--------+--------+-----+--------+

Top non-repeatable levels by time:
     D:1: 2130 daAuts
     D:2: 49 daAuts
     D:3: 1 daAuts
